 Dungeon Crawl Stone Soup version 0.27.1-34-g3ba077fa99 (webtiles) character file.

Game seed: 7076632663528407877

82203 boopmooplesden the Peltast (level 15, -44/138 HPs)
             Began as a Minotaur Fighter on Jan 6, 2022.
             Was the Champion of Okawaru.
             Annihilated by a titanic slime creature (72 damage)
             ... on level 13 of the Dungeon.
             The game lasted 00:36:17 (26054 turns).

boopmooplesden the Peltast (Minotaur Fighter)      Turns: 26054, Time: 00:36:17

Health: -44/138    AC: 24    Str: 25    XL:     15   Next: 28%
Magic:  14/15      EV:  9    Int:  6    God:    Okawaru [******]
Gold:   946        SH: 20    Dex: 13    Spells: 14/14 levels left

rFire    . . .     SeeInvis .   D - +8 demon whip (venom)
rCold    . . .     Faith    .   c - +0 kite shield
rNeg     + . .     Spirit   .   P - +3 plate armour {rPois}
rPois    +         Reflect  +   G - +1 hat
rElec    .         Harm     .   (no cloak)
rCorr    .         Rampage  .   w - +1 pair of gloves
Will     +....                  p - +0 pair of boots
Stlth    ..........             g - amulet "Ozuushom" {Reflect Str+2 SH+5}
HPRegen  0.33/turn              M - ring of positive energy
MPRegen  0.14/turn              (no ring)

@: about to teleport, studying Shields
A: horns 2, retaliatory headbutt
a: Renounce Religion, Heroism, Finesse


You were on level 13 of the Dungeon.
You worshipped Okawaru.
Okawaru was exalted by your worship.
You visited 3 branches of the dungeon, and saw 20 of its levels.

You collected 1201 gold pieces.
You spent 255 gold pieces at shops.

Inventory:

Hand Weapons
 a - a +1 flail
 x - a +1 dire flail of freezing
 C - the +6 war axe of the Blue Skies {drain, rN+ Stlth+}
   (You bought it in a shop on level 6 of the Dungeon)

   A truly terrible weapon, it drains the life of any living foe it strikes.
   rN:        It protects you from negative energy.
   Stlth:     It makes you more stealthy.
 D - a +8 demon whip of venom (weapon)
Missiles
 i - 23 boomerangs (quivered)
 m - 5 throwing nets
 J - 4 javelins
Armour
 c - a +0 kite shield (worn)
 k - the +0 buckler of Menluefy {Fly}
   (You found it on level 5 of the Lair of Beasts)

   Fly:       It grants you flight.
 p - a +0 pair of boots (worn)
 w - a +1 pair of gloves (worn)
 G - a +1 hat (worn)
 P - a +3 plate armour of poison resistance (worn)
Jewellery
 g - the amulet "Ozuushom" (around neck) {Reflect Str+2 SH+5}
   (You found it on level 5 of the Dungeon)

   [amulet of reflection]

   It reflects blocked missile attacks.
   Str:       It affects your strength (+2).
   SH:        It affects your SH (+5).
 s - an amulet of faith
 H - a ring of poison resistance
 M - a ring of positive energy (left hand)
 Q - the amulet of the Air {Inacc Air Fly rElec RMsl}
   (You found it on level 5 of the Lair of Beasts)

   [amulet of nothing]

   It reduces the accuracy of all your attacks.
   It enhances your air magic.
   rElec:     It insulates you from electricity.
   Fly:       It grants you flight.
   RMsl:      It protects you from missiles.
 V - a +6 ring of intelligence
 W - a ring of flight
 Y - the ring of Uruof {Fire *Corrode rElec rPois Dex+4}
   (You found it on level 11 of the Dungeon)

   [ring of fire]

   It enhances your fire magic.
   Dex:       It affects your dexterity (+4).
   rF:        It protects you from fire.
   rC:        It makes you vulnerable to cold.
   rElec:     It insulates you from electricity.
   rPois:     It protects you from poison.
   *Corrode:  It may corrode you when you take damage.
 Z - an amulet of magic regeneration
Wands
 q - a wand of polymorph (8)
 r - a wand of acid (15)
 y - a wand of charming (16)
 A - a wand of paralysis (10)
 F - a wand of iceblast (4)
 I - a wand of digging (1)
 R - a wand of flame (59)
Scrolls
 l - a scroll of identify
 u - 3 scrolls of teleportation
 v - 3 scrolls of fog
 L - a scroll of acquirement
 O - 2 scrolls of fear
 S - 3 scrolls of magic mapping
Potions
 d - a potion of heal wounds
 e - 4 potions of haste
 f - 6 potions of curing
 h - 3 potions of cancellation
 j - a potion of flight
 n - 5 potions of mutation
 o - 2 potions of lignification
 B - 3 potions of ambrosia
 E - 2 potions of attraction
 K - a potion of invisibility
 T - 3 potions of berserk rage
 U - a potion of brilliance
Miscellaneous
 b - a phial of floods
 t - a piece from Xom's chessboard (15/15)
 N - a box of beasts


   Skills:
 + Level 14.1 Fighting
 + Level 6.9(12.4) Axes
 + Level 15.7(16.2) Maces & Flails
 + Level 14.2 Armour
 + Level 4.6 Dodging
 + Level 3.6 Stealth
 + Level 18.2 Shields
 + Level 2.3 Invocations
 + Level 0.7 Evocations


You had 14 spell levels left.
You didn't know any spells.
Your spell library contained the following spells:

 Spells                   Type           Power      Damage    Failure   Level
 Beastly Appendage        Tmut           0%         N/A       98%         1
 Freeze                   Ice            0%         1d3       98%         1
 Magic Dart               Conj           0%         1d3       98%         1
 Sting                    Tmut/Pois      0%         1d3       98%         1
 Call Imp                 Summ           0%         N/A       99%         2
 Ensorcelled Hibernation  Hex/Ice        0%         N/A       99%         2
 Poisonous Vapours        Pois/Air       0%         N/A       99%         2
 Wereblood                Tmut           0%         N/A       99%         2
 Frozen Ramparts          Ice            0%         1d2       100%        3
 Gell's Gravitas          Tloc           0%         N/A       100%        3
 Lesser Beckoning         Tloc           0%         N/A       100%        3
 Mephitic Cloud           Conj/Pois/Air  0%         N/A       100%        3
 Ozocubu's Armour         Ice            0%         N/A       100%        3
 Spider Form              Tmut/Pois      0%         N/A       100%        3
 Stone Arrow              Conj/Erth      0%         3d7       100%        3
 Teleport Other           Tloc           0%         N/A       100%        3
 Airstrike                Air            0%         N/A       100%        4
 Fulminant Prism          Conj/Hex       0%         3d6       100%        4
 Hailstorm                Conj/Ice       0%         3d3       100%        4
 Ice Form                 Ice/Tmut       0%         N/A       100%        4
 Iskenderun's Mystic Bla  Conj/Tloc      0%         2d3       100%        4
 Olgreb's Toxic Radiance  Pois           0%         N/A       100%        4
 Summon Ice Beast         Ice/Summ       0%         N/A       100%        4
 Summon Lightning Spire   Summ/Air       0%         N/A       100%        4
 Alistair's Intoxication  Tmut/Pois      0%         N/A       100%        5
 Bolt of Magma            Conj/Fire/Erth 0%         4d4       100%        5
 Borgnjor's Vile Clutch   Necr/Erth      0%         N/A       100%        5
 Lee's Rapid Deconstruct  Erth           0%         3d5*      100%        5
 Lightning Bolt           Conj/Air       0%         1d11      100%        5
 Eringya's Noxious Bog    Tmut/Pois      0%         N/A       100%        6
 Shadow Creatures         Summ           N/A        N/A       100%        6
 Ozocubu's Refrigeration  Ice            0%         4d5       100%        7
 Ignition                 Fire           0%         3d3       100%        8
 Shatter                  Erth           0%         3d5*      100%        9


Dungeon Overview and Level Annotations

Branches:
Dungeon (13/15)            Temple (1/1) D:6            Lair (6/6) D:8
 Shoals (0/4) Lair:2        Snake (0/4) Lair:3        Slime (0/5) Lair:6
    Orc (0/2) D:11         Vaults (0/5) D:13

Altars:
Ashenzari
Cheibriados
Dithmenos
Elyvilon
Fedhas
Gozag
Hepliaklqana
Kikubaaqudgha
Makhleb
Nemelex Xobeh
Okawaru
Qazlal
Ru
Sif Muna
Trog
Uskayaw
Vehumet
Wu Jian
Xom
Yredelemnul
Zin
The Shining One
Jiyva

Shops:
D:4 *   D:5 :(*:   D:6 *?(:   D:10 (   D:11 [[

Annotations:
D:9 exclusion: orange crystal statue


Innate Abilities, Weirdness & Mutations

You have a pair of horns on your head.
You reflexively headbutt those who attack you in melee.


Message History

Two slime creatures merge to form an enormous slime creature.
Two slime creatures merge to form a titanic slime creature.
You whack the titanic slime creature!
The titanic slime creature is poisoned.
You headbutt the titanic slime creature!
The titanic slime creature is lightly wounded.
You whack the titanic slime creature!
The titanic slime creature looks as sick as possible!
You headbutt the titanic slime creature!
The titanic slime creature is lightly wounded.
You thrash the titanic slime creature!!
The titanic slime creature looks as sick as possible!
The titanic slime creature is moderately wounded.
You barely miss the titanic slime creature.
Your headbutt misses the titanic slime creature.
The titanic slime creature is moderately wounded.
You block the titanic slime creature's attack.
You whack the titanic slime creature!
The titanic slime creature is moderately wounded.
You whack the titanic slime creature!
You headbutt the titanic slime creature!
The titanic slime creature is moderately wounded.
The titanic slime creature hits you!!!
You barely miss the titanic slime creature.
Your headbutt misses the titanic slime creature.
The titanic slime creature is moderately wounded.
You thrash the titanic slime creature!!
The titanic slime creature is heavily wounded.
The titanic slime creature hits you!!!!
Ouch! That really hurt!
* * * LOW HITPOINT WARNING * * *
You whack the titanic slime creature!
The titanic slime creature looks as sick as possible!
You headbutt the titanic slime creature!!
The titanic slime creature is heavily wounded.
As you read the scroll of teleportation, it crumbles to dust.
You feel strangely unstable.
You feel like a meek peon again. The titanic slime creature hits you!!!!
Ouch! That really hurt!
You die...

#.####[..##.#...#
##....#
#.....†.## . .
##...# #.###..##
##..# #..## #.##
#...## .. .#
##...##....
#.........
##.#########.#
#...@J......#
#.###########
#.:# #.## #? #.
#.


You could see a titanic slime creature (extremely poisoned).

Vanquished Creatures
  The ghost of Jipob the Peltast, an adept MiBe of Trog (Lair:6)
  The ghost of CryptoCactus the Spry, a journeyman MfGl of Ashenzari (Lair:2)
  The ghost of ticklebelly the Cleaver, a journeyman MiBe of Trog (Lair:1)
  Harold (Lair:2)
  10 hydras
  4 vault guards (D:13)
  2 boulder beetles
  3 catoblepae
  A deep troll shaman (Lair:6)
  A centaur warrior (D:13)
  16 death yaks
  4 two-headed ogres
  2 death knights (D:13)
  A fire crab (Lair:3)
  Pikel (D:8)
  A deep elf pyromancer (D:12)
  A lindwurm (Lair:4)
  An ugly thing (D:11)
  3 cyclopes (D:13)
  5 slime creatures
  5 manticores
  14 elephants
  20 cane toads
  11 black mambas
  4 rime drakes
  5 komodo dragons
  2 efreet (D:13)
  Psyche (D:12)
  2 trolls (D:10)
  A hornet (D:9)
  A meliai (D:11)
  4 polar bears
  10 dream sheep
  8 blink frogs
  A spriggan (Lair:4)
  3 shadows
  62 yaks
  A vampire (D:13)
  7 wyverns
  3 basilisks
  4 wraiths
  3 vampire mosquitoes
  A naga (Lair:3)
  2 acid dragons
  21 water moccasins
  6 black bears
  7 orc warriors
  3 ice beasts
  7 centaurs
  42 wolves
  A lemure (D:8)
  A kobold brigand (D:9)
  9 bullfrogs
  2 gnoll sergeants
  3 scorpions
  A wyvern skeleton (D:7)
  4 wights (D:9)
  10 electric eels
  3 lava snakes (D:9)
  6 crimson imps
  A bullfrog zombie (D:5)
  5 hounds
  A bullfrog skeleton (D:6)
  2 centaur zombies
  An orc priest (D:8)
  2 centaur skeletons
  A jelly (D:6)
  4 iguanas
  Natasha (thrice) (D:3)
  8 orc wizards
  6 hell rats (Lair:3)
  2 killer bee zombies
  A hound skeleton (D:4)
  2 howler monkey zombies
  7 adders
  16 gnolls
  A shadow imp (D:5)
  6 white imps
  An ufetubus (D:4)
  A worm (D:4)
  4 dart slugs
  24 orcs
  6 bats
  7 endoplasms
  A giant cockroach (D:2)
  4 hobgoblins
  3 jackals (D:5)
  A quokka (D:1)
  6 ball pythons
  3 goblins
  15 kobolds
  5 rats (D:1)
511 creatures vanquished.

Vanquished Creatures (others)
  16 fungi
  54 plants
70 creatures vanquished.

Grand Total: 581 creatures vanquished

Notes
Turn   | Place    | Note
-------+----------+-------------------------------------------
     0 | D:1      | boopmooplesden the Minotaur Fighter began the quest for the
                  | Orb.
     0 | D:1      | Reached XP level 1. HP: 19/19 MP: 0/0
   175 | D:1      | Reached XP level 2. HP: 27/27 MP: 1/1
   465 | D:1      | Reached skill level 4 in Shields
   737 | D:1      | Reached XP level 3. HP: 33/33 MP: 2/2
  1475 | D:3      | Noticed Natasha
  1482 | D:3      | Killed Natasha
  1483 | D:3      | Reached XP level 4. HP: 40/40 MP: 3/3
  1540 | D:3      | Noticed Natasha
  1556 | D:3      | Killed Natasha
  1560 | D:3      | Reached XP level 5. HP: 12/46 MP: 4/4
  1871 | D:3      | Found a faded altar of an unknown god.
  1919 | D:3      | Noticed a black bear
  1928 | D:3      | Killed a black bear
  1929 | D:3      | Reached skill level 5 in Maces & Flails
  1929 | D:3      | Reached skill level 5 in Shields
  2082 | D:3      | Noticed Natasha
  2087 | D:3      | Killed Natasha
  2088 | D:3      | Reached skill level 5 in Armour
  2088 | D:3      | Reached XP level 6. HP: 53/53 MP: 5/5
  2355 | D:4      | Reached skill level 1 in Dodging
  2449 | D:4      | Found a shimmering altar of Xom.
  3256 | D:4      | Found Jusuryol's Assorted Antiques.
  3388 | D:5      | Entered Level 5 of the Dungeon
  3463 | D:5      | Reached XP level 7. HP: 53/60 MP: 6/6
  3655 | D:5      | Reached skill level 5 in Fighting
  4719 | D:5      | Found Gyeru's Book Shop.
  4720 | D:5      | Found Otawnu's Assorted Antiques.
  4722 | D:5      | Found Ceboteaps's Weapon Shop.
  4727 | D:5      | Found Polin's Book Shop.
  4884 | D:5      | Identified the amulet "Ozuushom" {Reflect Str+2 SH+5}
  5048 | D:6      | Found Dome's Weapon Boutique.
  5106 | D:6      | Found a staircase to the Ecumenical Temple.
  5124 | D:6      | Found Acui's Magic Scroll Shop.
  5141 | D:6      | Reached skill level 6 in Shields
  5332 | D:6      | Found Woxelu's Book Boutique.
  5343 | D:6      | Noticed a shadow
  5357 | D:6      | Killed a shadow
  5443 | D:6      | Reached XP level 8. HP: 64/68 MP: 7/7
  5759 | Temple   | Entered the Ecumenical Temple
  5816 | Temple   | Became a worshipper of Warmaster Okawaru
  5868 | D:6      | Found Noworir's Assorted Antiques.
  6068 | D:6      | Reached skill level 7 in Shields
  6652 | D:7      | Identified the +0 robe "Uppaad" {rCorr Str+2 Dex-2}
  6781 | D:7      | Reached * piety under Okawaru
  7202 | D:7      | Reached skill level 8 in Shields
  7420 | D:8      | Reached skill level 1 in Stealth
  7420 | D:8      | Reached XP level 9. HP: 66/75 MP: 8/8
  7430 | D:8      | Reached ** piety under Okawaru
  7698 | D:8      | Noticed a five-headed hydra
  7985 | D:8      | Noticed Pikel
  8005 | D:8      | Reached skill level 9 in Shields
  8012 | D:8      | Reached skill level 10 in Maces & Flails
  8038 | D:8      | Killed Pikel
  8038 | D:8      | Reached *** piety under Okawaru
  8119 | D:7      | Reached XP level 10. HP: 20/84 MP: 9/9
  8437 | D:8      | Found a staircase to the Lair.
  8500 | D:8      | Killed a five-headed hydra
  8500 | D:8      | Reached **** piety under Okawaru
  8501 | D:8      | Reached skill level 10 in Shields
 10203 | D:9      | Noticed an orange crystal statue
 11039 | D:10     | Entered Level 10 of the Dungeon
 11170 | Lair:1   | Entered Level 1 of the Lair of Beasts
 11170 | Lair:1   | Noticed ticklebelly's ghost (journeyman MiBe)
 11170 | Lair:1   | Found a runed translucent gate.
 11170 | Lair:1   | Found a runed translucent gate.
 11170 | Lair:1   | Found a runed translucent gate.
 11386 | Lair:1   | Noticed a black mamba
 11395 | Lair:1   | Killed a black mamba
 11396 | Lair:1   | Reached skill level 11 in Shields
 11776 | Lair:1   | Noticed a six-headed hydra
 11791 | Lair:1   | Killed a six-headed hydra
 11791 | Lair:1   | Reached ***** piety under Okawaru
 11942 | D:6      | Bought a translucent war axe for 255 gold pieces
 11942 | D:6      | Identified the +6 war axe of the Blue Skies {drain, rN+
                  | Stlth+} (You bought it in a shop on level 6 of the Dungeon)
 12131 | Lair:1   | Reached skill level 1 in Axes
 12131 | Lair:1   | Reached skill level 1 in Invocations
 12131 | Lair:1   | Reached XP level 11. HP: 15/92 MP: 7/10
 12134 | Lair:1   | Reached skill level 10 in Armour
 13025 | Lair:1   | Killed ticklebelly's ghost
 13026 | Lair:1   | Reached skill level 5 in Axes
 13036 | Lair:1   | Identified a scroll of acquirement
 13036 | Lair:1   | Acquired a +7 demon whip of venom
 13165 | Lair:2   | Noticed a death yak
 13173 | Lair:2   | Noticed Harold
 13174 | Lair:2   | Noticed a death yak
 13175 | Lair:2   | Found a staircase to the Shoals.
 13191 | Lair:1   | Reached skill level 12 in Shields
 13602 | Lair:2   | Noticed a death yak
 13603 | Lair:2   | Noticed a death yak
 13604 | Lair:2   | Noticed a death yak
 13624 | Lair:2   | Killed a death yak
 13624 | Lair:2   | Reached ****** piety under Okawaru
 13626 | Lair:2   | Noticed a death yak
 13631 | Lair:2   | Killed a death yak
 13631 | Lair:2   | Received a gift from Okawaru
 13646 | Lair:2   | Killed a death yak
 13653 | Lair:2   | Killed a death yak
 13663 | Lair:2   | Killed a death yak
 13675 | Lair:2   | Killed a death yak
 13676 | Lair:2   | Reached XP level 12. HP: 87/103 MP: 9/11
 13755 | Lair:2   | Killed Harold
 13756 | Lair:2   | Reached skill level 13 in Shields
 14065 | Lair:2   | Found a runed translucent door.
 14066 | Lair:2   | Noticed CryptoCactus's ghost (journeyman MfGl)
 14154 | Lair:2   | Received a gift from Okawaru
 14637 | Lair:2   | Killed CryptoCactus's ghost
 14838 | Lair:3   | Reached skill level 10 in Fighting
 15163 | Lair:3   | Reached skill level 14 in Shields
 15314 | Lair:3   | Found a staircase to the Snake Pit.
 15380 | Lair:3   | Noticed a seven-headed hydra
 15393 | Lair:3   | Killed a seven-headed hydra
 15722 | Lair:3   | Noticed a seven-headed hydra
 15735 | Lair:3   | Killed a seven-headed hydra
 15736 | Lair:3   | Reached XP level 13. HP: 81/113 MP: 10/13
 15907 | Lair:3   | Received a gift from Okawaru
 17290 | Lair:4   | Reached skill level 15 in Shields
 17340 | Lair:4   | Identified the +1 flail "Raytyosch" {chaos, rC+ Str+3}
                  | (Okawaru gifted it to you on level 4 of the Lair of Beasts)
 17340 | Lair:4   | Received a gift from Okawaru
 18672 | Lair:5   | Identified the +0 buckler of Menluefy {Fly}
 18762 | Lair:5   | Received a gift from Okawaru
 19040 | Lair:5   | Found the amulet of the Air {Inacc Air Fly rElec RMsl}
 19625 | Lair:6   | Entered Level 6 of the Lair of Beasts
 19677 | Lair:6   | Reached XP level 14. HP: 119/126 MP: 14/14
 20074 | Lair:6   | Reached skill level 16 in Shields
 20460 | Lair:6   | Reached skill level 15 in Maces & Flails
 20466 | Lair:6   | Received a gift from Okawaru
 20516 | Lair:6   | HP: 4/127 [catoblepas/blast of calcifying dust (3)]
 20938 | Lair:6   | Found a viscous altar of Jiyva.
 20939 | Lair:6   | Found a staircase to the Slime Pits.
 21085 | Lair:6   | Found a runed translucent door.
 21094 | Lair:6   | Noticed Jipob's ghost (adept MiBe)
 21148 | Lair:6   | Killed Jipob's ghost
 21935 | D:10     | Found Baivixka's Weapon Shoppe.
 22969 | D:11     | Found a staircase to the Orcish Mines.
 22970 | D:11     | Found Vewon's Armour Shop.
 22985 | D:11     | Reached skill level 17 in Shields
 23382 | D:11     | Identified the ring of Uruof {Fire *Corrode rElec rPois
                  | Dex+4}
 23596 | D:11     | Found Qioxtoff's Antique Armour Emporium.
 23923 | D:12     | Noticed Psyche
 23931 | D:12     | Killed Psyche
 24059 | D:12     | Received a gift from Okawaru
 24399 | D:12     | Reached XP level 15. HP: 76/137 MP: 13/15
 25480 | D:13     | Found a gate to the Vaults.
 25600 | D:13     | Reached skill level 18 in Shields
 26027 | D:13     | Received a gift from Okawaru
 26054 | D:13     | Annihilated by a titanic slime creature

Illustrated notes

Levels and vault maps discovered:
D:1:      nzn_arrival_crosshair, layout_rooms, serial_aquarium,
          aquarium_bridge_straight [aquarium_subvault_bridge,
          aquarium_subvault_wall, aquarium_subvault_bridge,
          aquarium_subvault_window], aquarium_bridge_straight
          [aquarium_subvault_bridge, aquarium_subvault_balcony,
          aquarium_subvault_bridge, aquarium_subvault_wall],
          aquarium_window_fake, aquarium_window_1, aquarium_window_3,
          aquarium_view_2d, minmay_small_reverse_x
D:2:      layout_rooms, st_stairs_8
D:3:      layout_rooms, ebering_ecumenical_altar_mist, uniq_natasha
D:4:      layout_loops_ring, mainiacjoe_overflow_surrounded_room, serial_shops,
          nicolae_shop_stone, cheibrodos_sewer_entry_bend
D:5:      layout_layer_cave, minmay_shop_grid_forest, grunt_decor_fettered,
          minmay_fire_ice_demons
D:6:      layout_loops_corners, minmay_temple_entry_waves, serial_shops,
          nicolae_diamond_shop, shop, shop, nicolae_square_shop,
          serial_co_window_serial, co_window_paths_a,
          co_window_of_opportunity_a, co_window_paths_a, co_window_corner_a,
          co_window_of_opportunity_a, co_window_of_opportunity_a,
          co_window_paths_b, co_window_corner_a, co_window_corner_a,
          co_window_2corner, co_window_cross_3, co_window_4corner_b,
          co_window_paths_d, glass_columns_a, glass_columns_b, glass_columns_a,
          glass_columns_b
D:7:      layout_cave_pods, solitary_fountain
D:8:      layout_basic, minmay_lair_entry_grove, minmay_microvault, uniq_pikel
D:9:      layout_grid_maze, hangedman_decor_growths, disabler_island
D:10:     layout_basic, serial_shops, shop, nzn_sisyphean_effort
D:11:     layout_irregular_city, orc_david_3, serial_shops, nicolae_shop_stone,
          minmay_checkerbox
D:12:     layout_gridville, st_stairs_6, minmay_nine_imps, uniq_psyche
D:13:     layout_basic, lightli_vaults_fourway_checkpoint
Temple:   nicolae_temple_the_god_donut
Lair:1:   layout_chaotic_city, ebering_ghost_rock_garden, serial_bayou_crossing
Lair:2:   layout_roguey, elwin_shoals_entry_rocks,
          ebering_ghost_reflecting_pool, nicolae_lair_grove_arrangements,
          st_stairs_3, uniq_harold
Lair:3:   nzn_winding_woodlands_huge [nzn_winding_woodlands_5x15_zeroes,
          nzn_winding_woodlands_5x15_split_checker,
          nzn_winding_woodlands_5x15_parted, nzn_winding_woodlands_5x15_twine,
          nzn_winding_woodlands_5x15_crooked,
          nzn_winding_woodlands_5x15_concentric,
          nzn_winding_woodlands_5x15_default,
          nzn_winding_woodlands_5x15_lazy_stream,
          nzn_winding_woodlands_5x15_pool,
          nzn_winding_woodlands_5x15_sidewinder,
          nzn_winding_woodlands_center_lodge,
          nzn_winding_woodlands_center_triple_pond,
          nzn_winding_woodlands_15x15_eel_pit], layout_long_grid,
          guppyfry_snake_entry_garden
Lair:4:   layout_gridlike, chequers_serial_rivers_room_a,
          chequers_serial_rivers_micro_e, grunt_forest_stairs_basic,
          st_stairs_5, forest_entry_grove
Lair:5:   layout_roguey, minmay_holes, grunt_megastairs_3, serial_bayou_shore_a
Lair:6:   grunt_lair_end_beastmaster, layout_small_grid, slime_altar_1,
          ebering_ghost_reflecting_pool, minivault_23

Skill      XL: |  1  2  3  4  5  6  7  8  9 10 11 12 13 14 15 |
---------------+----------------------------------------------+-----
Armour         | 4 5 6 7 8 9 10 11 12 13 14 | 14.2
Shields        | 4 5 6 8 9 11 12 14 15 17 18 | 18.2
Maces & Flails | 4 5 7 9 10 12 13 14 15 | 15.7
Fighting       | 4 5 6 7 8 10 12 13 14 | 14.1
Dodging        | 1 2 3 4 |  4.6
Stealth        | 1 3 |  3.6
Axes           | 1 6 |  6.9
Invocations    | 1 2 |  2.3
Evocations     | |  0.7

Action                   |  1- 3 |  4- 6 |  7- 9 | 10-12 | 13-15 || total
-------------------------+-------+-------+-------+-------+-------++-------
Melee: Flail             |    90 |    93 |   273 |   180 |       ||   636
       Headbutt          |     9 |    23 |    62 |   135 |   292 ||   521
       War axe           |       |       |       |    81 |       ||    81
       Demon whip        |       |       |       |   351 |   921 ||  1272
Throw: Boomerang         |       |       |     1 |       |       ||     1
Invok: Heroism           |       |       |     3 |    13 |    12 ||    28
Evoke: Wand              |       |       |       |       |     5 ||     5
  Use: Scroll            |     3 |     1 |     4 |     7 |    16 ||    31
       Potion            |       |       |     2 |       |     4 ||     6
 Stab: Petrified         |       |       |       |       |    15 ||    15
       Petrifying        |       |       |       |       |     1 ||     1
Armor: Scale mail        |    69 |    44 |    22 |       |       ||   135
       Chain mail        |       |       |    72 |    20 |       ||    92
       Plate armour      |       |       |       |   161 |   243 ||   404
Dodge: Dodged            |    42 |    39 |    58 |   122 |   131 ||   392
Block: Kite shield       |    76 |    77 |   188 |   575 |   545 ||  1461
       Reflection        |       |       |       |    15 |    24 ||    39
